 Dungeon Crawl Stone Soup version 0.31-a0-267-g3fc6992b3b (webtiles) character file.

Game seed: 17061601183457956549

112 qw the Shooter (level 4, -6/36 HPs)
             Began as a Minotaur Hexslinger on July 14, 2023.
             Killed by nerve-wracking pain
             ... invoked by an orc priest
              (7 damage)
             ... on level 3 of the Dungeon.
             The game lasted 00:00:41 (1682 turns).

qw the Shooter (Minotaur Hexslinger)                Turns: 1682, Time: 00:00:41

Health: -6/36      AC:  6    Str: 13    XL:     4   Next: 64%
Magic:  4/4        EV: 11    Int: 10    God:
Gold:   85         SH:  0    Dex: 14    Spells: 4/5 levels left

rFire   . . .        Y - +3 sling
rCold   . . .        (no shield)
rNeg    . . .        h - +0 ring mail
rPois   .            (helmet restricted)
rElec   .            (no cloak)
rCorr   .            c - +0 pair of gloves
SInv    .            (no boots)
Will    .....        (no amulet)
Stlth   +            (no ring)
HPRegen 0.26/turn    (no ring)
MPRegen 0.09/turn

%: no passive effects
@: about to teleport
A: horns 2, retaliatory headbutt
a: no special abilities


You were on level 3 of the Dungeon.
You visited 1 branch of the dungeon, and saw 3 of its levels.

You collected 145 gold pieces.
You spent 60 gold pieces at shops.


Innate Abilities, Weirdness & Mutations

You have a pair of horns on your head.
You reflexively headbutt those who attack you in melee.


   Skills:
 + Level 2.1 Fighting
 - Level 5.0 Ranged Weapons
 - Level 1.0 Armour
 - Level 2.1 Dodging
 - Level 1.0 Spellcasting
 - Level 2.0 Hexes


You had 4 spell levels left.
You knew the following spells:

 Your Spells              Type           Power      Damage    Failure   Level
a - Slow                  Hex            16%        N/A       32%         1

Your spell library contained the following spells:

 Spells                   Type           Power      Damage    Failure   Level
 Inner Flame              Hex/Fire       2%         N/A       82%         3
 Portal Projectile        Hex/Tloc       4%         N/A       82%         3
 Cause Fear               Hex            2%         N/A       97%         4

Inventory:

Hand Weapons
 Y - a +3 sling (weapon)
Armour
 c - a +0 pair of gloves (worn)
 h - a +0 ring mail (worn)
Potions
 d - a potion of degeneration {unknown}
 f - a potion of haste

Dungeon Overview and Level Annotations

Branches:
Dungeon (3/15)

Altars:

Shops:
D:1 [


Message History

You headbutt the hobgoblin. The orc hits you but does no damage.
Your Ranged Weapons skill increases to level 5!
You shoot a sling bullet. The sling bullet hits the hobgoblin.
The hobgoblin is almost dead.
The orc priest looks encouraged for a moment.
The hobgoblin hits you but does no damage.
The orc barely misses you. You furiously retaliate!
You headbutt the orc!
You kill the orc!
The orc hits you with a +0 mace. x2; The hobgoblin closely misses you.
You furiously retaliate!
You headbutt the hobgoblin!
You kill the hobgoblin!
You shoot a sling bullet. The sling bullet hits the orc priest.
The orc priest is moderately wounded.
The orc hits you but does no damage. The orc hits you with a +0 dagger.
The orc priest hits you but does no damage.
You shoot a sling bullet.
The sling bullet hits the orc priest but does no damage.
The orc priest is lightly wounded.
The orc hits you but does no damage. The orc hits you with a +0 dagger.
The orc priest barely misses you. You furiously retaliate!
You headbutt the orc priest! You shoot a sling bullet.
The sling bullet hits the orc priest.
The orc priest is severely wounded.
The orc hits you with a +0 mace. The orc hits you with a +0 dagger.
The orc priest looks braver for a moment.
1681 ||| READING scroll of teleportation.
As you read the scroll of teleportation, it crumbles to dust.
You feel strangely unstable. The orc priest barely misses you.
You furiously retaliate!
You headbutt the orc priest, but do no damage.
The orc hits you with a +0 mace. The orc barely misses you.
You shoot a sling bullet.
The sling bullet hits the orc priest but does no damage.
The orc priest is severely wounded.
The orc hits you with a +0 mace. The orc hits you but does no damage.
The orc priest barely misses you. The orc barely misses you.
You furiously retaliate!
You headbutt the orc, but do no damage.
The orc priest mumbles some strange prayers to Beogh against you.
Pain shoots through your body!
You die...

......>.
.......#
......########
###.#.........#
..............#
.......(....#
#.oo......#
#)o@......#
#.######### #.
#o #o oo ##


You could see an orc priest and 2 orcs.

Vanquished Creatures
  An orc wizard (D:3)
  A gnoll (D:1)
  An adder (D:2)
  3 dart slugs
  An orc (D:3)
  3 ball pythons
  10 bats
  5 endoplasms
  2 giant cockroaches (D:1)
  5 goblins
  3 hobgoblins
  12 jackals
  4 frilled lizards
  3 kobolds
  3 rats
57 creatures vanquished.

Notes
Turn   | Place    | Note
-------+----------+-------------------------------------------
     0 | D:1      | qw the Minotaur Hexslinger began the quest for the Orb.
     0 | D:1      | Reached XP level 1. HP: 16/16 MP: 1/1
     0 | D:1      | 0 ||| qw: Version: 0.3-a-52-g30416fa
     0 | D:1      | 0 ||| qw: Game counter: 7893
     0 | D:1      | 0 ||| qw: Melee chars always use a shield: true
     0 | D:1      | 0 ||| qw: God list: Okawaru
     0 | D:1      | 0 ||| qw: Allow faded altars: false
     0 | D:1      | 0 ||| qw: Do Orc after clearing Dungeon:15 true
     0 | D:1      | 0 ||| qw: Do second Lair branch before Depths: true
     0 | D:1      | 0 ||| qw: Lair rune preference: random
     0 | D:1      | 0 ||| qw: Goals: Normal
     0 | D:1      | 0 ||| PLANNING D:1-11
   113 | D:1      | Reached skill level 3 in Ranged Weapons
   149 | D:1      | Reached XP level 2. HP: 23/23 MP: 2/2
   216 | D:1      | Found Xaorchefuts's Armour Shop.
   282 | D:1      | Reached XP level 3. HP: 29/29 MP: 3/3
   354 | D:1      | 354 ||| Stepping ~*~*~tactically~*~*~ (outnumbered).
   453 | D:1      | Reached skill level 4 in Ranged Weapons
   705 | D:1      | 705 ||| BUYING +0 leather armour (20 gold).
   705 | D:1      | Bought a +0 leather armour for 20 gold pieces
   705 | D:1      | 705 ||| BUYING +0 ring mail (40 gold).
   705 | D:1      | Bought a +0 ring mail for 40 gold pieces
   705 | D:1      | 705 ||| SHOPLISTING +1 pair of boots of flying (165 gold,
                  | have 11).
   728 | D:1      | 728 ||| UPGRADING to +0 leather armour.
   738 | D:1      | 738 ||| DROPPING +0 robe.
   739 | D:1      | 739 ||| UPGRADING to +0 ring mail.
   749 | D:1      | 749 ||| DROPPING +0 leather armour.
   750 | D:1      | 750 ||| READING 2 scrolls labelled WASHASUGAW.
   751 | D:1      | 751 ||| READING scroll labelled HUMNUROHIR.
   752 | D:1      | 752 ||| DRINKING 2 metallic ruby potions.
   753 | D:1      | 753 ||| DROPPING scroll of fear.
   754 | D:1      | 754 ||| DROPPING scroll of poison.
   869 | D:2      | Reached skill level 1 in Armour
  1001 | D:2      | Reached XP level 4. HP: 36/36 MP: 4/4
  1617 | D:2      | 1617 ||| UPGRADING to +0 pair of gloves.
  1622 | D:2      | 1622 ||| READING 2 scrolls labelled FOHOLOUGYS.
  1625 | D:2      | 1625 ||| READING 2 scrolls labelled RURRIE GOHYNT.
  1626 | D:2      | 1626 ||| READING scroll of enchant weapon.
  1626 | D:2      | 1626 ||| ENCHANTING +2 sling.
  1627 | D:2      | 1627 ||| READING scroll labelled CAATYC TUTHRIWN.
  1628 | D:2      | 1628 ||| READING scroll labelled YDERUR LUNOKA.
  1670 | D:3      | 1670 ||| Stepping ~*~*~tactically~*~*~ (outnumbered).
  1677 | D:3      | Reached skill level 5 in Ranged Weapons
  1680 | D:3      | HP: 7/36 [orc/+0 dagger (3)]
  1681 | D:3      | 1681 ||| READING scroll of teleportation.
  1681 | D:3      | HP: 2/36 [orc/+0 mace (5)]
  1682 | D:3      | Killed from afar by an orc priest

Levels and vault maps discovered:
D:1:      lordsloth_arrival_two_stooges, layout_basic, serial_shops,
          nicolae_shop_window_shopping
D:2:      layout_basic
D:3:      layout_basic, minmay_misc_feat_columns

Skill      XL: |  1  2  3  4 |
---------------+-------------+-----
Ranged Weapons | 3 4 5 |  5.0
Fighting       | 2 |  2.1
Armour         | 1 |  1.0
Dodging        | |  2.1
Spellcasting   | |  1.0
Hexes          | |  2.0

Action                     |  1- 3 |  4- 6 || total
---------------------------+-------+-------++-------
   Fire: Sling             |   115 |    42 ||   157
    Use: Scroll            |     2 |     6 ||     8
         Potion            |     1 |       ||     1
 Armour: Robe              |     7 |       ||     7
         Ring mail         |     6 |    14 ||    20
  Dodge: Dodged            |    29 |    16 ||    45

Table legend:
 A = Non-vault XP
 B = Vault XP
 C = Vault XP percentage of total XP
 D = Non-vault monster count
 E = Vault monster count
 F = Vault count percentage of total count
                 A         B        C        D         E       F
            +---------+---------+-------+---------+---------+-------
      Total |     161 |       0 |   0.0 |      57 |       0 |   0.0
            +---------+---------+-------+---------+---------+-------
        D:1 |      78 |       0 |   0.0 |      36 |       0 |   0.0
        D:2 |      43 |       0 |   0.0 |      18 |       0 |   0.0
        D:3 |      40 |       0 |   0.0 |       3 |       0 |   0.0
            +---------+---------+-------+---------+---------+-------
